 Dungeon Crawl Stone Soup version 0.28-a0-556-gab23d0e057 (webtiles) character file.

Game seed: 14874082719958611539

583 robertstho the Magician (level 7, -1/49 HPs)
             Began as a Djinni Fire Elementalist on Sept 28, 2021.
             Slain by an elf zombie (2 damage)
             ... in an ossuary.
             The game lasted 00:06:38 (4718 turns).

robertstho the Magician (Djinni Fire Elementalist)  Turns: 4718, Time: 00:06:38

Health: -1/49      AC:  4    Str:  7    XL:     7   Next: 64%
Gold:   108        EV: 12    Int: 19    God:
                   SH:  0    Dex: 13

rFire   + + .      SeeInvis .   j - +2 dagger (vamp)
rCold   . . .      Faith    .   (no shield)
rNeg    . . .      Spirit   .   a - +0 robe
rPois   ∞          Reflect  .   e - +1 helmet
rElec   .          Harm     .   (no cloak)
rCorr   .          Rampage  .   (no gloves)
Will    .....                   (boots unavailable)
Stlth   ++........              (no amulet)
HPRegen 0.16/turn               f - ring of protection from cold
MPRegen 0.00/turn               (no ring)

@: marked, flying
A: sickness immunity, fire resistance 2, cold vulnerability 1, float, innate
caster, hp casting, extra vitality 1
a: no special abilities


You were in an ossuary.
You visited 1 branch of the dungeon, and saw 4 of its levels.
You also visited: Ossuary.

You collected 108 gold pieces.

Inventory:

Hand Weapons
 b - a +0 dagger of pain
 g - a +1 short sword of draining
 j - a +2 vampiric dagger (weapon)
Armour
 a - a +0 robe (worn)
 e - a +1 helmet (worn)
Jewellery
 f - a ring of protection from cold (left hand)
Wands
 h - a wand of mindburst (33)
Scrolls
 c - a scroll of identify
 k - a scroll of vulnerability


   Skills:
 * Level 2.4 Fighting
 + Level 0.7 Short Blades
 + Level 2.5 Dodging
 + Level 2.0 Stealth
 * Level 5.7 Spellcasting


You couldn't memorise any spells.
You knew the following spells:

 Your Spells              Type           Power      Damage    Failure   Level
a - Foxfire               Conj/Fire      100%       2x1d9     1%          1
b - Scorch                Fire           54%        2d7       1%          2
c - Conjure Flame         Conj/Fire      27%        6-21      3%          3
d - Inner Flame           Hex/Fire       27%        N/A       3%          3
e - Flame Wave            Conj/Fire      27%        3d6       11%         4
f - Pain                  Necr           100%       1d9       1%          1
g - Corpse Rot            Necr/Air       N/A        N/A       1%          2
h - Confusing Touch       Hex            27%        N/A       3%          3
Your spell library was empty.

Dungeon Overview and Level Annotations

Branches:
Dungeon (4/15)            Ossuary (1/1)
 Temple: D:4-7

Altars:


Innate Abilities, Weirdness & Mutations

You are immune to sickness and miasma.
You are immune to poison.
Your flesh is very heat resistant. (rF++)
You are vulnerable to cold. (rC-)
You float through the air rather than walking.
You learn spells naturally, not from books.
Your magical power is your life essence.
You have superior vitality. (+4 HP)


Message History

The elf zombie is heavily damaged.
The elf zombie barely misses you.
A hobgoblin zombie comes into view.
You hit the elf zombie.
The elf zombie is heavily damaged.
The elf zombie hits you but does no damage.
You barely miss the elf zombie.
The elf zombie is heavily damaged.
The elf zombie is no longer more vulnerable to fire.
An orc zombie comes into view.
The elf zombie misses you.
You closely miss the elf zombie.
The elf zombie is heavily damaged.
The elf zombie hits you but does no damage.
You hit the elf zombie but do no damage.
The elf zombie is heavily damaged.
You hit the elf zombie but do no damage.
The elf zombie is heavily damaged.
The elf zombie hits you but does no damage.
You hit the elf zombie.
The elf zombie is severely damaged.
The elf zombie barely misses you.
You hit the elf zombie.
The elf zombie is severely damaged.
The elf zombie hits you.
* * * LOW HITPOINT WARNING * * *
Casting: Scorch (safe; 1% risk of failure)
Confirm with . or Enter, or press ? or * to list all spells.
You don't have enough health to cast this spell.
You aren't carrying any potions.
Really read the scroll of immolation?
As you read the scroll of immolation, it crumbles to dust.
The creatures around you are filled with an inner flame!
You hit the elf zombie but do no damage.
The elf zombie is severely damaged.
The elf zombie barely misses you.
You barely miss the elf zombie.
The elf zombie is severely damaged.
The elf zombie hits you.
You die...

#...# ##..####.#...#
#...#.MZ.........#...#
#.ZZ#.####.......#...#
#.ZM# #.......#...#
#...# #.......#...#
#...######.∩.....#...#
#...#........+####...#
#...#Z####...# #...#
#..Z#ZZZ@#...# #...#
#...##############...#
#....................#
#.........∩∩.........#
######################


You could see a hobgoblin zombie (inner flame), 2 elf zombies and a centaur
zombie (inner flame).

Vanquished Creatures
  A phantom (D:3)
  Blork the orc (D:4)
  2 elf zombies (Ossuary)
  A scorpion (D:4)
  A jelly (D:2)
  An iguana (D:4)
  An orc wizard (D:3)
  A mummy (Ossuary)
  Robin (D:2)
  4 adders
  An ufetubus (D:4)
  2 adder zombies (Ossuary)
  A dart slug (D:2)
  A worm (D:3)
  4 orcs
  4 endoplasms
  2 giant cockroaches
  13 goblins
  8 hobgoblins
  2 jackals (D:3)
  7 kobolds
  4 quokkas
  5 ball pythons
  4 bats
  9 frilled lizards
  7 hobgoblin zombies (Ossuary)
  12 kobold zombies (Ossuary)
  4 orc zombies (Ossuary)
  8 rats
112 creatures vanquished.

Vanquished Creatures (others)
  451 foxfires
451 creatures vanquished.

Grand Total: 563 creatures vanquished

Notes
Turn   | Place    | Note
-------+----------+-------------------------------------------
     0 | D:1      | robertstho the Djinni Fire Elementalist began the quest for
                  | the Orb.
     0 | D:1      | Reached XP level 1. HP: 15/15 MP: 0/0
   242 | D:1      | Reached XP level 2. HP: 12/21 MP: 0/0
   818 | D:1      | Reached skill level 3 in Spellcasting
   963 | D:1      | Reached XP level 3. HP: 21/26 MP: 0/0
   963 | D:1      | Learned a level 1 spell: Pain
  1286 | D:1      | Found a faded altar of an unknown god.
  1561 | D:2      | Reached XP level 4. HP: 3/31 MP: 0/0
  1974 | D:2      | Noticed Robin
  1987 | D:2      | Killed Robin
  2300 | D:2      | Reached skill level 1 in Fighting
  2324 | D:2      | Reached XP level 5. HP: 22/37 MP: 0/0
  2324 | D:2      | Learned a level 2 spell: Corpse Rot
  2328 | D:2      | Reached skill level 4 in Spellcasting
  3609 | D:3      | Noticed a phantom
  3620 | D:3      | Killed a phantom
  3621 | D:3      | Reached XP level 6. HP: 25/42 MP: 0/0
  3954 | D:4      | Reached skill level 5 in Spellcasting
  3984 | D:4      | Noticed Blork the orc
  3992 | D:4      | Killed Blork the orc
  3993 | D:4      | Reached XP level 7. HP: 13/49 MP: 0/0
  3993 | D:4      | Learned a level 3 spell: Confusing Touch
  4025 | D:4      | Found a sand-covered staircase.
  4030 | Ossuary  | Entered an ossuary
  4706 | Ossuary  | HP: 2/49 [elf zombie (7)]
  4715 | Ossuary  | HP: 1/49 [elf zombie (3)]
  4718 | Ossuary  | Slain by an elf zombie

Illustrated notes

Levels and vault maps discovered:
D:1:      sevenhm_arrival_forest_fort_small_6, layout_rooms,
          dilly_ecumenical_altar_fadedgnrine
D:2:      layout_basic, uniq_robin
D:3:      layout_rooms
D:4:      layout_cave_pools, enter_ossuary_2, uniq_sigmund, uniq_blork_the_orc
Ossuary:  ossuary_tomb_1

Skill      XL: |  1  2  3  4  5  6 |
---------------+-------------------+-----
Spellcasting   | 3 4 5 |  5.7
Fighting       | 1 2 |  2.4
Stealth        | 2 |  2.0
Short Blades   | |  0.7
Dodging        | |  2.5

Action                   |  1- 3 |  4- 6 |  7- 9 || total
-------------------------+-------+-------+-------++-------
Melee: Short sword       |       |     6 |       ||     6
       Dagger            |       |       |    11 ||    11
 Cast: Foxfire           |    81 |   111 |    74 ||   266
       Scorch            |     3 |    19 |    12 ||    34
       Flame Wave        |       |       |     1 ||     1
  Use: Scroll            |     3 |     4 |     2 ||     9
 Stab: Sleeping          |       |     1 |       ||     1
Armor: Robe              |       |     5 |     8 ||    13
Dodge: Dodged            |     3 |    17 |    13 ||    33

Table legend: (Time is in decaauts)
 A = Elapsed time spent in this place.
 B = Non-inter-level travel time spent in this place.
 C = Inter-level travel time spent in this place.
 D = Time resting spent in this place.
 E = Time spent auto-exploring this place.
 F = Levels seen in this place.
 G = Mean time per level.
                   A        B        C        D        E       F      G
               +--------+--------+--------+--------+--------+-----+--------+
         Total |   4715 |   4598 |    117 |    194 |   3749 |   5 |  943.0 |
       Dungeon |   4027 |   3910 |    117 |      0 |   3431 |   4 | 1006.8 |
       Ossuary |    687 |    687 |      0 |    194 |    318 |   1 |  687.0 |
               +--------+--------+--------+--------+--------+-----+--------+

Top non-repeatable levels by time:
     D:1: 1374 daAuts
     D:2: 1367 daAuts
     D:3: 1198 daAuts
 Ossuary: 687 daAuts
     D:4: 87 daAuts
